 Dungeon Crawl Stone Soup version 0.17.1-2-g5865329 (webtiles) character file.

73 Mysteryquy the Changer (level 4, 0/35 HPs)
             Began as a Draconian Transmuter on Jan 10, 2016.
             Succumbed to an adder's poison
             ... on level 1 of the Dungeon.
             The game lasted 00:03:33 (2300 turns).

Mysteryquy the Changer (Draconian Transmuter)       Turns: 2300, Time: 00:03:33

Health: 0/35       AC:  5    Str: 12    XL:     4   Next: 8%
Magic:  8/8        EV: 12    Int: 14    God:
Gold:   64         SH:  0    Dex: 12    Spells: 1 memorised, 8 levels left

rFire  . . .     SeeInvis .       - Unarmed
rCold  . . .     Clarity  .     (armour unavailable)
rNeg   . . .     SustAt   .     (no shield)
rPois  .         Gourm    .     (helmet restricted)
rElec  .         Spirit   .     (no cloak)
rCorr  .         Warding  .     (no gloves)
rMut   .         Stasis   .     (no boots)
MR     .....                    (no amulet)
Stlth  +.........               (no ring)
                                (no ring)

@: lethally poisoned (0 -> -4), not resistant to hostile enchantments, very
unstealthy
A: unfitting armour, cold-blooded, AC +5
a: no special abilities


You were on level 1 of the Dungeon.
You were hungry.

You visited 1 branch of the dungeon, and saw 2 of its levels.

You collected 64 gold pieces.

Inventory:

Missiles
 a - 30 arrows
Scrolls
 d - a scroll of amnesia {unknown}
 f - a scroll of teleportation {unknown}
 g - a scroll of remove curse {unknown}
 h - a scroll of fog {unknown}
 j - a scroll of fear {unknown}
 m - a scroll of identify {unknown}
 o - a scroll of blinking {unknown}
Potions
 n - a potion of ambrosia {unknown}
 p - a potion of invisibility {unknown}
Books
 b - a book of Changes

   Spells                             Type                      Level
   a - Beastly Appendage              Transmutation                1
   b - Sticks to Snakes               Transmutation                2
   c - Spider Form                    Transmutation/Poison         3
   d - Ice Form                       Ice/Transmutation            4
   e - Blade Hands                    Transmutation                5
 l - a book of Clouds

   Spells                             Type                      Level
   a - Mephitic Cloud                 Conjuration/Poison/Air       3
   b - Conjure Flame                  Conjuration/Fire             3
   c - Poisonous Cloud                Conjuration/Poison/Air       6
   d - Freezing Cloud                 Conjuration/Ice/Air          6
   e - Ring of Flames                 Charms/Fire                  7
Comestibles
 c - 2 bread rations
 i - a meat ration
 k - 5 fruits


   Skills:
 - Level 1.1 Fighting
 - Level 1.8 Dodging
 - Level 3.0 Unarmed Combat
 + Level 3.1 Spellcasting
 + Level 3.4 Transmutations


You had 8 spell levels left.
You knew the following spells:

 Your Spells              Type           Power        Failure   Level  Hunger
a - Beastly Appendage     Trmt           ##....       6%          1    #......


Dungeon Overview and Level Annotations

Branches:
Dungeon (2/15)

Altars:
Xom
Zin


Innate Abilities, Weirdness & Mutations

Your plain brown scales are hard (AC +5).
Your body does not fit into most forms of armour.
You are cold-blooded and may be slowed by cold attacks.


Message History

* * * LOW HITPOINT WARNING * * *
You are poisoned.
The adder poisons you! The jackal bites you.
* * * LOW HITPOINT WARNING * * *
The kobold barely misses you. The adder bites you but does no damage.
You miss the adder.
The adder is lightly wounded.
* * * LOW HITPOINT WARNING * * *
You feel sick. The jackal barely misses you. The adder misses you.
The kobold hits you.
* * * LOW HITPOINT WARNING * * *
The jackal closely misses you.
You closely miss the adder.
The adder is lightly wounded.
The adder misses you.
The jackal bites you but does no damage.
The kobold closely misses you.
You miss the adder.
The adder is lightly wounded.
You die...

..#.# #####.##.#<.8..†..#######
..#.### #......#.#.....#.........
......###.###..#.#.....#..####.#.
###.#.#....###.#.#######..####.#.
....#.#....# #...#.....#.......#.
#####.#....# #...#.###.#..#.##.#.
# #.#....###.....# #.#..#.##.#.
#####.#....#.###h#####.#..#.##.#.
......#....#...K@S.....#..#.#..#.
#########.##.###########..#.#.##.
..........##.###########..#.#.##.
#########.................#.#.##.
# #.##.....).............#. #
#.###############.#.####. ### #.#
#.#....#. ..# #.# #.####.#. ..#
#####'## #.)......


You could see an adder, a jackal and a kobold.

Vanquished Creatures
  2 adders (D:2)
  A worm (D:1)
  A ball python (D:1)
  A giant cockroach (D:1)
  11 goblins
  4 hobgoblins
  6 jackals (D:1)
  10 bats
  2 giant newts
  8 kobolds
  6 rats
52 creatures vanquished.

Notes
Turn   | Place    | Note
--------------------------------------------------------------
     0 | D:1      | Mysteryquy the Draconian Transmuter began the quest for the Orb.
     0 | D:1      | Reached XP level 1. HP: 16/16 MP: 3/3
    92 | D:1      | You fall through a shaft!
   475 | D:1      | Reached XP level 2. HP: 23/23 MP: 3/5
  1130 | D:1      | Reached XP level 3. HP: 24/28 MP: 7/7
  1920 | D:2      | Found a glowing silver altar of Zin.
  1921 | D:2      | Noticed an angel
  1946 | D:2      | Found a shimmering altar of Xom.
  2268 | D:2      | Reached XP level 4. HP: 10/35 MP: 6/8
  2298 | D:1      | HP: 1/35 [kobold (3)]
  2300 | D:1      | Succumbed to an adder's poison

Action                   |  1- 3 |  4- 6 || total
-------------------------+-------+-------++-------
Melee: Unarmed           |   212 |    13 ||   225
 Cast: Beastly Appendage |    10 |       ||    10
  Use: Potion            |     1 |       ||     1
 Stab: Sleeping          |     1 |       ||     1
  Eat: Chunk             |     4 |       ||     4
